 Dungeon Crawl Stone Soup version 0.32-a0-350-g4f4d228785 (webtiles) character file.

Game seed: 7768610595963520697

4788 holysushi the Nimble (level 10, -1/82 HPs)
             Began as a Gnoll Monk on Feb 18, 2024.
             Was a High Priest of Beogh.
             Slain by a yak (6 damage)
             ... on level 8 of the Dungeon.
             The game lasted 00:11:31 (7092 turns).

holysushi the Nimble (Gnoll Monk)                   Turns: 7092, Time: 00:11:32

Health: -1/82      AC: 18    Str: 10    XL:     10   Next: 47%
Magic:  18/18      EV: 30    Int: 10    God:    Beogh [*****.]
Gold:   478        SH:  0    Dex: 19    Spells: 17/20 levels left

rFire   . . .        c - +3 dagger (venom)
rCold   . . .        F - orb {*Rage}
rNeg    + . .        K - +2 ring mail {Will+}
rPois   +            (no helmet)
rElec   .            q - +2 cloak {rPois}
rCorr   .            l - +0 pair of gloves
SInv    .            n - +0 pair of boots
Will    +....        A - amulet of the acrobat
Stlth   +++          e - ring of positive energy
HPRegen 0.33/turn    t - +4 ring of protection
MPRegen 0.16/turn

%: random rage (20%), acrobat
@: on berserk cooldown, acrobatic, hasted and slowed
A: walk on water, fangs 1, strong nose, distributed training
a: Renounce Religion, Smiting, Recall Apostles, Blood for Blood, Dismiss Bogdan,
wizard, Dismiss Alork, priest


You were on level 8 of the Dungeon.
You worshipped Beogh.
Beogh was extremely pleased with you.
You visited 1 branch of the dungeon, and saw 8 of its levels.

You collected 478 gold pieces.

Inventory:

Hand Weapons
 a - a +0 short sword
 c - a +3 dagger of venom (weapon)
Armour
 b - a +0 robe
 d - an orb of light
 l - a +0 pair of gloves (worn)
 n - a +0 pair of boots (worn)
 q - a +2 cloak of poison resistance (worn)
 F - an orb of wrath (worn)
 K - a +2 ring mail of willpower (worn)
Jewellery
 e - a ring of positive energy (left hand)
 i - a ring of positive energy
 t - a +4 ring of protection (right hand)
 A - an amulet of the acrobat (around neck)
Talismans
 g - a flux talisman
 r - a beast talisman
 u - a serpent talisman
Wands
 y - a wand of acid (13)
Scrolls
 o - a scroll of teleportation
 x - 3 scrolls of amnesia
 E - a scroll of fog
 I - 2 scrolls of immolation
 J - a scroll of noise
Potions
 f - a potion of cancellation
 h - a potion of invisibility {unknown}
 j - 2 potions of attraction {unknown}
 k - a potion of might {unknown}
 m - a potion of berserk rage {unknown}
 s - a potion of ambrosia
 v - 2 potions of mutation {unknown}
 w - 2 potions of curing {unknown}
 z - a potion of lignification {unknown}
 B - 3 potions of brilliance {unknown}
 H - a potion of enlightenment


   Skills:
 + Level 8.6 Fighting
 + Level 8.6 Short Blades
 + Level 5.5 Long Blades
 + Level 5.5 Axes
 + Level 5.5 Maces & Flails
 + Level 5.5 Polearms
 + Level 5.5 Staves
 + Level 5.5 Ranged Weapons
 + Level 5.5 Throwing
 + Level 5.5 Armour
 + Level 8.6 Dodging
 + Level 5.5 Stealth
 + Level 5.5 Shields
 + Level 5.5 Unarmed Combat
 + Level 5.5 Spellcasting
 + Level 4.5 Conjurations
 + Level 4.5 Hexes
 + Level 4.5 Summonings
 + Level 4.5 Necromancy
 + Level 4.5 Translocations
 + Level 4.5 Fire Magic
 + Level 4.5 Ice Magic
 + Level 4.5 Air Magic
 + Level 4.5 Earth Magic
 + Level 4.5 Alchemy
 + Level 6.0 Invocations
 + Level 5.5 Evocations
 + Level 5.0 Shapeshifting


You had 17 spell levels left.
You knew the following spells:

 Your Spells              Type           Power      Damage    Failure   Level
a - Confusing Touch       Hex            11%        N/A       24%         3

Your spell library contained the following spells:

 Spells                   Type           Power      Damage    Failure   Level
 Slow                     Hex            44%        N/A       8%          1
 Sigil of Binding         Hex            11%        N/A       24%         3
 Vampiric Draining        Necr           11%        2d6       24%         3
 Ignite Poison            Fire/Alch      11%        N/A       61%         4
 Sticky Flame             Fire/Alch      11%        2d5       61%         4
 Ignition                 Fire           5%         3d4       100%        8


Dungeon Overview and Level Annotations

Branches:
Dungeon (8/15) Zot: 26922  Temple (0/1) D:5
   Lair: D:8-11

Altars:
Ashenzari
Elyvilon
Fedhas
Okawaru
Ru
Wu Jian
Zin
The Shining One


Innate Abilities, Weirdness & Mutations

You can walk on water.
Your facial features are unmistakably orcish.
You have very sharp teeth.
Your uncanny sense of smell can sniff out nearby items.
Your experience applies equally to all skills.


Message History

The killer bee barely misses Bogdan.
The killer bee stings Bogdan.
The killer bee closely misses Bogdan.
Bogdan hits the killer bee with the +1 dagger of Circular Logic {vamp, rF+ Int-3 Dex+2}.
Bogdan is healed.
The yak attacks as it pursues you! The yak closely misses you.
The killer bee barely misses Bogdan. x2
Bogdan hits the killer bee with the +1 dagger of Circular Logic {vamp, rF+ Int-3 Dex+2}.
The yak gores you!
* * * LOW HITPOINT WARNING * * *
The killer bee closely misses Bogdan.
Something stings Bogdan.
The killer bee stings Bogdan but does no damage.
Something stings Bogdan.
Bogdan hits the killer bee with the +1 dagger of Circular Logic {vamp, rF+ Int-3 Dex+2}.
The killer bee dies!
Beogh accepts your kill. The yak attacks as it pursues you! The yak misses you.
Something closely misses Bogdan.
Your surroundings seem slightly different.
Okay, then.
Something stings Bogdan!
Bogdan looks as sick as possible!
Something poisons Bogdan!
Okay, then.
You feel yourself speed up. The yak gores you.
* * * LOW HITPOINT WARNING * * *
Bogdan hits the killer bee with the +1 dagger of Circular Logic {vamp, rF+ Int-3 Dex+2}.
The gnoll bouda attacks as it pursues you!
The gnoll bouda hits you but does no damage.
The killer bee barely misses Bogdan.
The killer bee completely misses Bogdan.
Bogdan barely misses the killer bee.
The yak attacks as it pursues you! The yak misses you.
The kobold brigand throws a poisoned dart.
The poisoned dart barely misses you.
The killer bee misses Bogdan.
The killer bee closely misses Bogdan.
Bogdan hits the killer bee with the +1 dagger of Circular Logic {vamp, rF+ Int-3 Dex+2}.
Bogdan is healed.
The killer bee dies!
Beogh accepts your kill. The yak gores you.
You die...

#.....)†......##
~#####'#~.....?..
.y.gyYo#~.##o#####
oOK.Yo†#~........#
f.###†.#~..K.....#
. ∆#..#≈....Y...#
∆...#≈......g.#
#####~......Y.#
~~#.......@#
............#
.####.......#
#########


You could see 2 yaks, a kobold brigand, a gnoll bouda and the friendly Bogdan
the orc apostle (very poisoned).

Vanquished Creatures
  Grinder (D:3)
  2 steam dragons (D:6)
  An acid dragon (D:8)
  A water moccasin (D:6)
  An ice beast (D:7)
  2 sky beasts
  A black bear (D:6)
  3 ogres
  2 centaurs
  A kobold brigand (D:6)
  A scorpion (D:6)
  6 killer bees
  4 hounds
  A jelly (D:8)
  A gnoll bouda (D:6)
  A sleepcap (D:4)
  5 iguanas
  5 orc wizards
  7 gnolls
  6 adders
  An ufetubus (D:6)
  2 dart slugs
  3 ribbon worms
  6 orcs
  11 ball pythons
  7 bats
  7 endoplasms
  4 giant cockroaches
  8 goblins
  6 hobgoblins
  7 jackals
  12 kobolds
  6 quokkas
  2 frilled lizards
  7 rats
141 creatures vanquished.

Vanquished Creatures (collateral kills)
  A two-headed ogre (D:6)
  A manticore (D:8)
  2 steam dragons
  3 ice beasts
  A scorpion (D:5)
  A wight (D:8)
  5 killer bees
  A howler monkey (D:7)
  2 orc priests
  A jelly (D:7)
  A sleepcap (D:6)
  An iguana (D:5)
  3 orc wizards
  2 gnolls (D:6)
  2 adders (D:6)
  A shadow imp (D:6)
  2 white imps
  3 ufetubi
  A ribbon worm (D:4)
  4 orcs
  4 goblins (D:4)
  2 jackals (D:5)
  A quokka (D:5)
  A kobold (D:6)
46 creatures vanquished.

Vanquished Creatures (others)
  An orc apostle (D:8)
  An orc warrior (D:8)
  A centaur (D:8)
  A scorpion (D:6)
  A howler monkey (D:8)
  2 orc wizards
  A white imp (D:8)
  4 orcs
12 creatures vanquished.

Grand Total: 199 creatures vanquished

Notes
Turn   | Place    | Note
-------+----------+-------------------------------------------
     0 | D:1      | holysushi the Gnoll Monk began the quest for the Orb.
     0 | D:1      | Reached XP level 1. HP: 23/23 MP: 1/1
    58 | D:1      | Reached XP level 2. HP: 26/29 MP: 2/2
   301 | D:1      | Reached XP level 3. HP: 8/35 MP: 3/3
   533 | D:1      | Reached skill level 1 in Invocations
   728 | D:1      | Reached skill level 1 in Long Blades
   728 | D:1      | Reached skill level 1 in Axes
   728 | D:1      | Reached skill level 1 in Maces & Flails
   728 | D:1      | Reached skill level 1 in Polearms
   728 | D:1      | Reached skill level 1 in Staves
   728 | D:1      | Reached skill level 1 in Ranged Weapons
   728 | D:1      | Reached skill level 1 in Throwing
   728 | D:1      | Reached skill level 1 in Armour
   728 | D:1      | Reached skill level 1 in Stealth
   728 | D:1      | Reached skill level 1 in Shields
   728 | D:1      | Reached skill level 1 in Unarmed Combat
   728 | D:1      | Reached skill level 1 in Spellcasting
   728 | D:1      | Reached skill level 1 in Evocations
   877 | D:2      | Reached skill level 1 in Shapeshifting
   877 | D:2      | Reached XP level 4. HP: 39/41 MP: 5/5
   970 | D:2      | Learned a level 3 spell: Confusing Touch
  1142 | D:2      | Reached skill level 1 in Conjurations
  1142 | D:2      | Reached skill level 1 in Hexes
  1142 | D:2      | Reached skill level 1 in Summonings
  1142 | D:2      | Reached skill level 1 in Necromancy
  1142 | D:2      | Reached skill level 1 in Translocations
  1142 | D:2      | Reached skill level 1 in Fire Magic
  1142 | D:2      | Reached skill level 1 in Ice Magic
  1142 | D:2      | Reached skill level 1 in Air Magic
  1142 | D:2      | Reached skill level 1 in Earth Magic
  1142 | D:2      | Reached skill level 1 in Alchemy
  1438 | D:2      | Became a worshipper of Beogh the Shepherd
  1438 | D:2      | Reached * piety under Beogh
  1438 | D:2      | Reached ** piety under Beogh
  1660 | D:3      | Reached XP level 5. HP: 45/47 MP: 7/7
  2661 | D:3      | Noticed Grinder
  2680 | D:3      | Paralysed by Grinder for 2 turns
  2698 | D:3      | Killed Grinder
  2699 | D:3      | Reached XP level 6. HP: 47/53 MP: 7/9
  3013 | D:4      | Found an ornate altar of the Wu Jian Council.
  3046 | D:4      | Reached XP level 7. HP: 55/59 MP: 10/10
  3143 | D:4      | Reached *** piety under Beogh
  3163 | D:4      | Identified the +1 dagger of Circular Logic {vamp, rF+ Int-3
                  | Dex+2}
  3163 | D:4      | Noticed Bogdan
  3198 | D:4      | Anointed Bogdan the wizard as your apostle
  3307 | D:4      | Found a glowing golden altar of the Shining One.
  3307 | D:4      | Found a sacrificial altar of Ru.
  3309 | D:4      | Found a blossoming altar of Fedhas.
  3379 | D:4      | Found a white marble altar of Elyvilon.
  3417 | D:4      | You fall into a shaft and drop 3 floors!
  3532 | D:7      | Reached XP level 8. HP: 44/67 MP: 12/12
  3837 | D:6      | Found a glowing silver altar of Zin.
  3936 | D:5      | Entered Level 5 of the Dungeon
  4101 | D:5      | Noticed Alork
  4124 | D:5      | Anointed Alork the priest as your apostle
  4298 | D:5      | Reached **** piety under Beogh
  5090 | D:5      | Found a staircase to the Ecumenical Temple.
  5103 | D:5      | Reached XP level 9. HP: 73/73 MP: 14/14
  5478 | D:6      | Noticed a two-headed ogre
  5490 | D:6      | Killed a two-headed ogre
  5628 | D:6      | Reached skill level 5 in Invocations
  6194 | D:6      | Reached skill level 5 in Long Blades
  6194 | D:6      | Reached skill level 5 in Axes
  6194 | D:6      | Reached skill level 5 in Maces & Flails
  6194 | D:6      | Reached skill level 5 in Polearms
  6194 | D:6      | Reached skill level 5 in Staves
  6194 | D:6      | Reached skill level 5 in Ranged Weapons
  6194 | D:6      | Reached skill level 5 in Throwing
  6194 | D:6      | Reached skill level 5 in Armour
  6194 | D:6      | Reached skill level 5 in Stealth
  6194 | D:6      | Reached skill level 5 in Shields
  6194 | D:6      | Reached skill level 5 in Unarmed Combat
  6194 | D:6      | Reached skill level 5 in Spellcasting
  6194 | D:6      | Reached skill level 5 in Evocations
  6194 | D:6      | Reached XP level 10. HP: 81/81 MP: 17/17
  6646 | D:7      | Found an iron altar of Okawaru.
  6736 | D:7      | Found a broken altar of Ashenzari.
  7037 | D:8      | Reached ***** piety under Beogh
  7057 | D:8      | Noticed a manticore
  7073 | D:8      | Killed a manticore
  7075 | D:8      | Reached skill level 5 in Shapeshifting
  7079 | D:8      | Noticed a two-headed ogre
  7082 | D:8      | Your ally Alork died
  7088 | D:8      | HP: 4/82 [yak (5)]
  7092 | D:8      | Slain by a yak

Illustrated notes

Levels and vault maps discovered:
D:1:      kilobyte_arrival_exit_the_forest, layout_basic, minmay_octomino_c4
D:2:      layout_loops_ring, due_unseen_surprise
D:3:      layout_basic, hangedman_decor_points, dreamdust_princess_bridge,
          roderic_lattice_a, uniq_grinder
D:4:      layout_loops_ring, grunt_temple_overflow_open,
          mainiacjoe_overflow_alcove_2, nicolae_wu_jian_wuxing_cycle,
          minmay_goblin_outpost
D:5:      layout_cave_pods, minmay_temple_entry_glassed_door
D:6:      minmay_razor_zed, layout_rooms, zin_scriptorium,
          hangedman_abyss_or_decor_stagger
D:7:      layout_cave_pools, evilmike_ruin_ashenzari, general_overflow_altar
D:8:      cheibrodos_ideogram_h, layout_rooms, enter_bailey_2, uniq_joseph,
          uniq_psyche, uniq_pikel

Skill      XL: |  1  2  3  4  5  6  7  8  9 10 |
---------------+-------------------------------+-----
Invocations    | 1 2 3 4 5 6 |  6.0
Long Blades    | 1 2 3 5 |  5.5
Axes           | 1 2 3 5 |  5.5
Maces & Flails | 1 2 3 5 |  5.5
Polearms       | 1 2 3 5 |  5.5
Staves         | 1 2 3 5 |  5.5
Ranged Weapons | 1 2 3 5 |  5.5
Throwing       | 1 2 3 5 |  5.5
Armour         | 1 2 3 5 |  5.5
Stealth        | 1 2 3 5 |  5.5
Shields        | 1 2 3 5 |  5.5
Unarmed Combat | 1 2 3 5 |  5.5
Spellcasting   | 1 2 3 5 |  5.5
Evocations     | 1 2 3 5 |  5.5
Shapeshifting  | 1 2 3 4 5 |  5.0
Conjurations   | 1 2 3 4 |  4.5
Hexes          | 1 2 3 4 |  4.5
Summonings     | 1 2 3 4 |  4.5
Necromancy     | 1 2 3 4 |  4.5
Translocations | 1 2 3 4 |  4.5
Fire Magic     | 1 2 3 4 |  4.5
Ice Magic      | 1 2 3 4 |  4.5
Air Magic      | 1 2 3 4 |  4.5
Earth Magic    | 1 2 3 4 |  4.5
Alchemy        | 1 2 3 4 |  4.5
Fighting       | 7 8 |  8.6
Short Blades   | 7 8 |  8.6
Dodging        | 7 8 |  8.6

Action                     |  1- 3 |  4- 6 |  7- 9 | 10-12 || total
---------------------------+-------+-------+-------+-------++-------
  Melee: Short sword       |    45 |       |       |       ||    45
         Bite              |    12 |    17 |    51 |     9 ||    89
         Dagger            |    33 |   153 |   288 |    51 ||   525
   Cast: Confusing Touch   |       |     1 |       |       ||     1
 Invoke: Convert to Beogh  |       |     1 |       |       ||     1
         Recruit Apostle   |       |       |     2 |       ||     2
         Recall Apostles   |       |       |     1 |     4 ||     5
    Use: Potion            |     1 |     1 |       |     1 ||     3
         Scroll            |       |     5 |       |     7 ||    12
   Stab: Sleeping          |       |     1 |     1 |     1 ||     3
         Distracted        |       |       |       |     1 ||     1
 Armour: Robe              |    28 |    56 |   127 |    10 ||   221
         Ring mail         |       |       |       |    42 ||    42
  Dodge: Dodged            |    50 |    82 |   182 |    67 ||   381

Table legend: (Time is in decaauts)
 A = Elapsed time spent in this place.
 B = Non-inter-level travel time spent in this place.
 C = Inter-level travel time spent in this place.
 D = Time resting spent in this place.
 E = Time spent auto-exploring this place.
 F = Levels seen in this place.
 G = Mean time per level.
                   A        B        C        D        E       F      G
               +--------+--------+--------+--------+--------+-----+--------+
         Total |   7016 |   6697 |    319 |   1068 |   4165 |   8 |  877.0 |
       Dungeon |   7016 |   6697 |    319 |   1068 |   4165 |   8 |  877.0 |
               +--------+--------+--------+--------+--------+-----+--------+

Top non-repeatable levels by time:
     D:6: 1461 daAuts
     D:3: 1325 daAuts
     D:5: 879 daAuts
     D:1: 847 daAuts
     D:7: 834 daAuts
     D:4: 828 daAuts
     D:2: 763 daAuts
     D:8: 77 daAuts
